 Dungeon Crawl Stone Soup version 0.20-b1 (webtiles) character file.

45 MTVSty1e the Ducker (level 3, -1/28 HPs)
             Began as a Demonspawn Gladiator on May 18, 2017.
             Killed from afar by Robin (7 damage)
             ... with a wand of flame (?/48)
             ... on level 2 of the Dungeon.
             The game lasted 00:02:50 (2183 turns).

MTVSty1e the Ducker (Demonspawn Gladiator)          Turns: 2183, Time: 00:02:51

Health: -1/28      AC:  3    Str: 15    XL:     3   Next: 42%
Magic:  3/3        EV: 13    Int:  9    God:
Gold:   74         SH:  0    Dex: 14    Spells: 2/2 levels left

rFire    . . .     SeeInvis .   a - +0 war axe
rCold    . . .     Gourm    .   (no shield)
rNeg     . . .     Faith    .   b - +0 leather armour
rPois    .         Spirit   .   (helmet restricted)
rElec    .         Reflect  .   (no cloak)
rCorr    .         Harm     .   (no gloves)
MR       .....                  (no boots)
Stlth    +.........             (no amulet)
Regen    0.1/turn               (no ring)
MPRegen  0.1/turn               (no ring)

@: no status effects
A: antennae 2
a: no special abilities


You were on level 2 of the Dungeon.
You were not hungry.

You visited 1 branch of the dungeon, and saw 2 of its levels.

You collected 74 gold pieces.

Inventory:

Hand Weapons
 a - a +0 war axe (weapon)
Missiles
 d - 3 throwing nets (quivered)
Armour
 b - a +0 leather armour (worn)
Scrolls
 c - a scroll of magic mapping {unknown}
 e - 2 scrolls of remove curse {unknown}
 g - 2 scrolls of fear {unknown}
 h - a scroll of teleportation {unknown}
 i - a scroll of fog {unknown}
 j - a scroll of immolation {unknown}
 k - a scroll of identify {unknown}
Comestibles
 f - a bread ration


   Skills:
 * Level 2.8 Fighting
 + Level 2.8 Axes
 - Level 1.7 Throwing
 + Level 1.1 Armour
 + Level 3.1 Dodging


You had 2 spell levels left.
You didn't know any spells.

Dungeon Overview and Level Annotations

Branches:
Dungeon (2/15)

Altars:
Cheibriados
Uskayaw
The Shining One

Annotations:
D:2 Robin


Innate Abilities, Weirdness & Mutations

You have a pair of antennae on your head.


Message History

You barely miss Robin. Robin hits you but does no damage.
Robin zaps a wand.
The puff of flame hits you!
You are too injured to fight recklessly!
You are too injured to fight recklessly!
You are too injured to fight recklessly!
You are too injured to fight recklessly!
You slash Robin!
Robin is heavily wounded.
Robin misses you.
You barely miss Robin.
Robin is heavily wounded.
Robin hits you with a club.
* * * LOW HITPOINT WARNING * * *
You barely miss Robin.
Robin is heavily wounded.
Robin misses you.
You slash Robin!
Robin is almost dead.
Robin zaps a wand.
The puff of flame hits you!
You die...

..###................#
#.# ..#
#...........#.#### #.
..###.#.#####...#.##
..g.......gg.{.†...# ####
.#######.########).#.....
.# #.# #.......<... {#
#.# #.##.##.#### {# #.# #
##g# .# #g #.. #@.# # #{
### #.)##.### #g
#<.......# #g #.###.##.#
g. #.# # ## #.# #.# #.#
..#


You could see Robin.

Vanquished Creatures
  An ooze (D:1)
  3 dart slugs (D:1)
  A leopard gecko (D:1)
  3 bats (D:1)
  2 giant cockroaches (D:1)
  10 goblins
  6 hobgoblins
  2 kobolds (D:1)
  A rat (D:2)
29 creatures vanquished.

Notes
Turn   | Place    | Note
-------+----------+-------------------------------------------
     0 | D:1      | MTVSty1e the Demonspawn Gladiator began the quest for the Orb.
     0 | D:1      | Reached XP level 1. HP: 16/16 MP: 1/1
   174 | D:1      | Gained mutation: You have a pair of small antennae on your head. [demonic ancestry]
   174 | D:1      | Reached XP level 2. HP: 23/23 MP: 2/2
   536 | D:1      | Reached skill level 1 in Armour
   932 | D:1      | Reached skill level 3 in Dodging
   932 | D:1      | Gained mutation: You have a pair of antennae on your head. [demonic ancestry]
   932 | D:1      | Reached XP level 3. HP: 25/28 MP: 3/3
   992 | D:2      | Found a snail-covered altar of Cheibriados.
   995 | D:2      | Found a glowing golden altar of the Shining One.
   995 | D:2      | Found a hide-covered altar of Uskayaw.
  1171 | D:2      | Noticed Robin
  2183 | D:2      | Killed from afar by Robin

Skill      XL: |  1  2 |
---------------+-------+-----
Armour         | 1 |  1.1
Dodging        | 3 |  3.1
Fighting       | |  2.8
Axes           | |  2.8
Throwing       | |  1.7

Action                   || total
-------------------------++-------
Melee: War axe           ||   101
  Use: Potion            ||     1
 Stab: Sleeping          ||     1
  Eat: Bread ration      ||     1
Armor: Leather armour    ||    30
Dodge: Dodged            ||    85
